 Dungeon Crawl Stone Soup version 0.28-a0-385-g79de503ca0 (webtiles) character file.

Game seed: 7239196852600386128

0 Decipherer the Skirmisher (level 1, -30/18 HPs)
             Began as a Formicid Abyssal Knight on Sept 3, 2021.
             Was a Follower of Lugonu.
             Killed from afar by a will-o-the-wisp (33 damage)
             ... with a foxfire
             ... on level 1 of the Abyss.
             The game lasted 00:00:15 (66 turns).

Decipherer the Skirmisher (Formicid Abyssal Knight)   Turns: 66, Time: 00:00:16

Health: -30/18     AC:  5    Str: 16    XL:     1   Next: 0%
Magic:  2/2        EV: 10    Int: 11    God:    Lugonu [*.....]
Gold:   0          SH:  0    Dex: 10    Spells: 0/0 levels left

rFire   . . .      SeeInvis +   a - +1 spear
rCold   . . .      Faith    .   (no shield)
rNeg    . . .      Spirit   .   c - +0 ring mail
rPois   .          Reflect  .   (helmet unavailable)
rElec   .          Harm     .   (no cloak)
rCorr   .          Rampage  .   (no gloves)
Will    .....                   (no boots)
Stlth   ..........              (no amulet)
HPRegen 0.06/turn               (no ring)
MPRegen 0.08/turn               (no ring)

@: no status effects
A: permanent stasis, dig shafts and tunnels, antennae 3, four strong arms
a: Dig, Shaft Self, Renounce Religion, Depart the Abyss


You were on level 1 of the Abyss.
You worshipped Lugonu.
Lugonu was aware of your devotion.
You visited 0 branches of the dungeon, and saw 0 of its levels.
You visited the Abyss 1 time.

Inventory:

Hand Weapons
 a - a +1 spear (weapon)
Armour
 b - a +0 leather armour
 c - a +0 ring mail (worn)


   Skills:
 + Level 3.2 Fighting
 + Level 2.0 Polearms
 + Level 2.1 Armour
 + Level 0.8 Dodging
 + Level 2.1 Invocations


You couldn't memorise any spells.
You didn't know any spells.
Your spell library was empty.

Dungeon Overview and Level Annotations

Branches:
Dungeon (0/15)

Altars:


Innate Abilities, Weirdness & Mutations

You cannot be hasted, slowed, berserked, paralysed or teleported.
You can dig through walls and to a lower floor.
You have a pair of large antennae on your head. (SInv)
Your four strong arms can wield two-handed weapons with a shield.


Message History

Unknown command.
No target in view!
Unknown command.
You sense a monster nearby.
No target in view!
Unknown command.
A will-o-the-wisp comes into view.
A crimson imp comes into view.
The crimson imp shouts!
A guardian serpent comes into view.
The guardian serpent shouts!
The crimson imp completely misses you.
The crimson imp hits you but does no damage.
You miss the crimson imp.
The crimson imp hits you but does no damage.
The will-o-the-wisp gives a chilling moan.
You hit the crimson imp.
The crimson imp is lightly wounded.
The crimson imp hits you but does no damage.
You miss the crimson imp. The crimson imp puffs mist at you.
The crimson imp misses you.
The guardian serpent coils itself and waves its upper body at you.
The bolt of poison misses you. The crimson imp barely misses you.
Found a fuming emerald potion.
The will-o-the-wisp gestures.
The will-o-the-wisp conjures some foxfire!
A foxfire comes into view.
A foxfire comes into view.
The will-o-the-wisp gestures.
The will-o-the-wisp conjures some foxfire!
A foxfire comes into view.
Found a gateway leading deeper into the Abyss.
The foxfire hits you!
Ouch! That really hurt!
* * * LOW HITPOINT WARNING * * *
A foxfire comes into view.
The foxfire hits you!!
Ouch! That really hurt!
You die...

#. #... ###..# ≈≈≈≈≈≈≈≈
..#......#.###.#≈≈≈♣≈≈≈
.#.##....#.#.§#..≈≈≈≈≈≈≈
## #.#.....#§§§..≈≈≈≈≈≈
#{#.####..§.#§..≈≈≈≈≈
#..§# #.S{#5v#..≈≈≈≈
##.#. #.###.v.#.>.≈♣ #
## # # #.v...# #..
#.#@#.#... # #.
#.#....#.# #.#.§...#.
!...#.### #....## .##.#
. .#. . .


You could see a will-o-the-wisp and a crimson imp.

Vanquished Creatures (others)
  A foxfire (Abyss:1)
1 creature vanquished.

Notes
Turn   | Place    | Note
-------+----------+-------------------------------------------
     0 | Abyss:1  | Decipherer the Formicid Abyssal Knight began the quest for
                  | the Orb.
     0 | Abyss:1  | Reached XP level 1. HP: 18/18 MP: 2/2
    53 | Abyss:1  | Noticed a will-o-the-wisp
    55 | Abyss:1  | Noticed a crimson imp
    57 | Abyss:1  | Noticed a guardian serpent
    66 | Abyss:1  | Killed from afar by a will-o-the-wisp

Illustrated notes

Levels and vault maps discovered:
Abyss:1:  base: Temple, base:
Temple

Action                   || total
-------------------------++-------
Melee: Spear             ||     3
Armor: Ring mail         ||     3
Dodge: Dodged            ||     4

Table legend: (Time is in decaauts)
 A = Elapsed time spent in this place.
 B = Non-inter-level travel time spent in this place.
 C = Inter-level travel time spent in this place.
 D = Time resting spent in this place.
 E = Time spent auto-exploring this place.
 F = Levels seen in this place.
 G = Mean time per level.
                   A        B        C        D        E       F      G
               +--------+--------+--------+--------+--------+-----+--------+
         Total |     66 |     66 |      0 |      0 |     33 |   1 |   66.0 |
         Abyss |     66 |     66 |      0 |      0 |     33 |   1 |   66.0 |
               +--------+--------+--------+--------+--------+-----+--------+

Top non-repeatable levels by time:
 Abyss:1: 66 daAuts
